 Dungeon Crawl Stone Soup version 0.30-a0-847-g17996783a1 (webtiles) character file.

Game seed: 918560966629058055

12 Korbin06 the Trooper (level 2, 0/24 HPs)
             Began as a Demonspawn Chaos Knight on Mar 3, 2023.
             Was a Plaything of Xom.
             Succumbed to an adder's poison
             ... on level 3 of the Dungeon.
             The game lasted 00:01:32 (157 turns).

Korbin06 the Trooper (Demonspawn Chaos Knight)       Turns: 157, Time: 00:01:32

Health: 0/24       AC:  5    Str: 12    XL:     2   Next: 20%
Magic:  2/2        EV: 11    Int: 13    God:    Xom [..*...]
Gold:   13         SH:  0    Dex: 12    Spells: 1/1 levels left

rFire   . . .      SeeInvis .    a - +0 falchion (chaos)
rCold   . . .      Faith    .    (no shield)
rNeg    . . .      Spirit   .    b - +2 leather armour
rPois   .          Reflect  .    (no helmet)
rElec   .          Rampage  .    (no cloak)
rCorr   .                        (no gloves)
Will    .....                    (no boots)
Stlth   +                        (no amulet)
HPRegen 0.24/turn                (no ring)
MPRegen 0.08/turn                (no ring)

@: lethally poisoned (0 -> -1)
A: spiny 1
a: Renounce Religion


You were on level 3 of the Dungeon.
You worshipped Xom.
You were a toy of Xom.
You visited 1 branch of the dungeon, and saw 3 of its levels.

You collected 13 gold pieces.

Inventory:

Hand Weapons
 a - a +0 falchion of chaos (weapon)
Armour
 b - a +2 leather armour (worn)
Scrolls
 d - a scroll of enchant weapon {unknown}
Miscellaneous
 c - a piece from Xom's chessboard (15/15) (quivered)


   Skills:
 + Level 3.3 Fighting
 + Level 3.0 Long Blades
 + Level 1.9 Armour
 + Level 0.9 Dodging


You had one spell level left.
You didn't know any spells.
Your spell library was empty.

Dungeon Overview and Level Annotations

Branches:
Dungeon (3/15)

Altars:


Innate Abilities, Weirdness & Mutations

You are partially covered in sharp spines.


Message History

The adder is moderately wounded.
The adder bites you but does no damage. The adder bites you.
You hit the adder but do no damage.
The adder is poisoned.
The adder is moderately wounded.
The adder bites you.
You are poisoned.
The adder poisons you! The adder misses you.
You closely miss the adder.
The adder is moderately wounded.
You feel sick. The adder barely misses you. The adder bites you.
The adder barely misses you.
You closely miss the adder.
The adder is moderately wounded.
You feel sick. The adder bites you.
You are more poisoned.
The adder poisons you! The adder bites you but does no damage.
You slash the adder!
The adder seems to slow down.
You freeze the adder.
The adder is almost dead.
You feel sick. The adder bites you.
* * * LOW HITPOINT WARNING * * *
The adder bites you but does no damage.
You barely miss the adder.
The adder is almost dead.
* * * LOW HITPOINT WARNING * * *
You feel sick. The adder bites you.
* * * LOW HITPOINT WARNING * * *
You hit the adder.
You feel better.
You kill the adder!
* * * LOW HITPOINT WARNING * * *
You feel sick.
Your Long Blades skill increases to level 3!
You have reached level 2!
Your demonic ancestry asserts itself...
Sharp spines emerge from parts of your body.
* * * LOW HITPOINT WARNING * * *
You feel sick.
You see here an adder corpse.
Found 6 large rocks.
You die...
Xom bursts into laughter!

######
#.... ....
..# #.# #<#
#.#
#.######...
#.†@.......
#########.(


There were no monsters in sight!

Vanquished Creatures
  An adder (D:3)
  A ball python (D:2)
  A goblin (D:1)
  A kobold (D:2)
4 creatures vanquished.

Notes
Turn   | Place    | Note
-------+----------+-------------------------------------------
     0 | D:1      | Korbin06 the Demonspawn Chaos Knight began the quest for
                  | the Orb.
     0 | D:1      | Reached XP level 1. HP: 18/18 MP: 1/1
   156 | D:3      | Gained mutation: You are partially covered in sharp spines.
                  | [demonic ancestry]
   156 | D:3      | Reached XP level 2. HP: 2/24 MP: 2/2
   156 | D:3      | HP: 1/24 [poisoned by an adder]
   157 | D:3      | Succumbed to an adder's poison

Illustrated notes

Levels and vault maps discovered:
D:1:      matt_arrival_los_fun, layout_loops_ring
D:2:      layout_loops_cross
D:3:      layout_loops_ring, minmay_circle_x

Skill      XL: |  1 |
---------------+----+-----
Long Blades    | 3 |  3.0
Fighting       | |  3.3
Armour         | |  1.9
Dodging        | |  0.9

Action                     || total
---------------------------++-------
  Melee: Falchion          ||    21
 Armour: Leather armour    ||     5
  Dodge: Dodged            ||    12

Table legend: (Time is in decaauts)
 A = Elapsed time spent in this place.
 B = Non-inter-level travel time spent in this place.
 C = Inter-level travel time spent in this place.
 D = Time resting spent in this place.
 E = Time spent auto-exploring this place.
 F = Levels seen in this place.
 G = Mean time per level.
                   A        B        C        D        E       F      G
               +--------+--------+--------+--------+--------+-----+--------+
         Total |    160 |     64 |     96 |      0 |      0 |   3 |   53.3 |
       Dungeon |    160 |     64 |     96 |      0 |      0 |   3 |   53.3 |
               +--------+--------+--------+--------+--------+-----+--------+

Top non-repeatable levels by time:
     D:1: 81 daAuts
     D:2: 67 daAuts
     D:3: 11 daAuts
